Map: Dash and Terminal LE (Void)

Players

wabbajack - Winner!

  • Race: Zerg Zerg
  • League: Gold

SiN

  • Race: Protoss Protoss

VOD

Have the link to the VOD?

Description

Time

  • Played on: July 21, 2015, 1:23 p.m.
  • Length: 5:02
Show
View Real Time Build Order
Export as new Build Order

wabbajack Zerg - Winner!

Build Orders: Hatch First 

Get SALT Encoding   

  12  0:01  Drone  
  13  0:16  Overlord  
  14  0:28  Drone  
  14  0:32  Extractor  
  14  0:33  Drone  
  15  0:39  Drone  
  15  0:41  Drone  
  17  1:00  Hatchery  
  16  1:06  Drone x2  
  16  1:07  Extractor  
  17  1:20  Spawning Pool  
  17  1:24  Drone  
  17  1:26  Drone  
  18  1:35  Drone  
  19  1:46  Drone  
  20  2:06  Queen  
  22  2:10  Roach Warren  
  21  2:17  Queen, Extractor  
  21  2:18  Overlord  
  23  2:25  Drone x3  
  26  2:30  Drone  
  26  2:33  Drone  
  28  2:39  Metabolic Boost  
  28  2:51  Overlord  
  28  2:52  Overlord  
  28  3:15  Roach x5  
  38  3:22  Overlord  
  38  3:37  Roach x4  
  46  3:41  Roach  
  46  3:47  Zergling x2  
  46  3:48  Zergling x4  
  51  3:51  Zergling x2  
  52  4:18  Spore Crawler x2  
  52  4:21  Spore Crawler, Queen  
Show
View Real Time Build Order
Export as new Build Order

SiN Protoss 

Build Orders: Oracle Opening 

Get SALT Encoding   

  12  0:02  Probe  
  13  0:14  Probe  
  14  0:23  Pylon  
  14  0:42  Probe (Chrono Boost)  
  15  0:48  Gateway  
  15  0:52  Pylon  
  15  0:53  Probe (Chrono Boost)  
  16  0:58  Assimilator  
  16  1:04  Probe  
  17  1:16  Probe  
  18  1:36  Cybernetics Core  
  18  1:40  Probe  
  19  1:52  Probe  
  20  1:57  Assimilator  
  20  2:00  Zealot  
  22  2:04  Probe  
  23  2:16  Mothership Core (Chrono Boost), Pylon  
  25  2:27  Zealot  
  27  2:30  Probe (Chrono Boost)  
  28  2:42  Nexus  
  28  2:54  Stargate  
  28  2:55  Warp Gate  
  28  3:01  Zealot  
  30  3:10  Probe  
  31  3:22  Probe  
  31  3:25  Pylon  
  32  3:28  Zealot  
  34  3:34  Probe  
  34  3:39  Oracle (Chrono Boost)  
  38  3:51  Probe, Twilight Council  
  39  4:00  Pylon  
  39  4:12  Probe x2  
Tags
 
Add a new tag
Caveats
  • Supply blocks, unpowered buildings, or Contaminate may cause inaccurate times.
  • Supply counts are checked every 10 seconds.